 Dungeon Crawl Stone Soup version 0.20.0-7-g3b7b877 (webtiles) character file.

637 kraftydee the Chopper (level 7, 0/62 HPs)
             Began as a Hill Orc Abyssal Knight on May 29, 2017.
             Was a Believer of Lugonu.
             Splashed by a jelly's acid (5 damage)
             ... on level 5 of the Dungeon.
             The game lasted 00:19:32 (5011 turns).

kraftydee the Chopper (Hill Orc Abyssal Knight)     Turns: 5011, Time: 00:19:33

Health: 0/62       AC: -7    Str: 16    XL:     7   Next: 50%
Magic:  9/9        EV: 10    Int: 12    God:    Lugonu [**....]
Gold:   213        SH:  0    Dex: 11    Spells: 6/6 levels left

rFire    . . .     SeeInvis .   C - +5 club
rCold    . . .     Gourm    .   (no shield)
rNeg     . . .     Faith    .   D - +0 scale mail
rPois    .         Spirit   .   x - +2 helmet
rElec    .         Reflect  .   G - +0 cloak
rCorr    .         Harm     .   (no gloves)
MR       .....                  f - +0 pair of boots
Stlth    +.........             (no amulet)
Regen    0.2/turn               h - ring of stealth
MPRegen  0.2/turn               (no ring)

@: corroded
A: no striking features
a: Depart the Abyss, Bend Space, Renounce Religion


You were on level 5 of the Dungeon.
You worshipped Lugonu.
Lugonu was pleased with you.
You were very hungry.

You visited 1 branch of the dungeon, and saw 5 of its levels.
You visited the Abyss 1 time.

You collected 213 gold pieces.

Inventory:

Hand Weapons
 a - a +2 hand axe
 s - a +0 dagger of protection
 C - a +5 club (weapon)
 F - a +0 giant spiked club
Armour
 b - a +0 leather armour
 f - a +0 pair of boots (worn)
 i - a cursed +0 chain mail
 r - a +2 robe of resistance
 x - a +2 helmet (worn)
 D - a +0 scale mail (worn)
 G - a +0 cloak (worn)
 H - a +0 buckler
Jewellery
 h - a ring of stealth (left hand)
 m - a cursed ring of loudness {unknown}
 u - an uncursed ring of stealth
 I - an uncursed ring of teleportation
 J - an uncursed ring of wizardry {unknown}
Wands
 B - a wand of confusion (6/48)
Scrolls
 e - 2 scrolls of teleportation
 g - 3 scrolls of amnesia
 l - a scroll of random uselessness {unknown}
 o - 3 scrolls of recharging
 p - 2 scrolls of enchant armour
 y - 2 scrolls of enchant weapon
 E - a scroll of magic mapping {unknown}
Potions
 d - a potion of brilliance
 k - 3 potions of lignification {unknown}
 n - a potion of flight {unknown}
 q - a potion of haste {unknown}
 t - 2 potions of heal wounds {unknown}
 w - 2 potions of curing {unknown}
 z - a potion of resistance {unknown}
 A - a potion of cancellation {unknown}
Comestibles
 c - 2 bread rations
 j - a meat ration
 v - 3 fruits


   Skills:
 + Level 5.8 Fighting
 + Level 6.8(6.9) Axes
 + Level 1.0(3.7) Maces & Flails
 + Level 3.2 Armour
 + Level 2.4 Dodging
 + Level 2.1 Stealth
 + Level 2.7 Invocations


You had 6 spell levels left.
You didn't know any spells.

Dungeon Overview and Level Annotations

Branches:
Dungeon (5/15)
 Temple: D:4-7

Altars:
Trog


Message History

The jelly hits you. The acid corrodes you!
You are splashed with acid!
The acid burns!
You hit the jelly. The acid corrodes you!
Your hands burn!
The jelly is severely wounded.
The jelly hits you.
You are splashed with acid!
The acid burns!
You hit the jelly but do no damage.
Your hands burn!
The jelly is severely wounded.
The jelly closely misses you. x2
Your scale mail prevents you from hitting the jelly.
The jelly is severely wounded.
The jelly barely misses you.
You hit the jelly but do no damage.
Your hands burn!
The jelly is severely wounded.
The jelly hits you.
* * * LOW HITPOINT WARNING * * *
You are splashed with acid!
The acid burns!
* * * LOW HITPOINT WARNING * * *
You are feeling very hungry.
You hit the jelly but do no damage.
Your hands burn!
You die...

#..#...###
##...........#
#.....##
#####.........# ##..#
####..........#.## #
#..#
#....###.#....#.#
###..#######.####
#.#####..#
.............# #.#
.## .##..#########
#.# .#
.....##############.#
##
................@J..#
.............########
....<.........#
..............#
..............#
..............#
..............#
..............#
.......


You could see a jelly.

Vanquished Creatures
  An ogre (D:5)
  A bullfrog (D:4)
  A scorpion (D:4)
  A crimson imp (D:5)
  Ijyb (D:4)
  Jessica (D:3)
  An orc wizard (D:3)
  5 worker ants (D:4)
  A hound skeleton (D:4)
  8 adders
  An ooze (D:4)
  6 worms
  4 dart slugs
  5 leopard geckos
  3 orcs
  3 giant cockroaches (D:3)
  11 goblins
  5 hobgoblins
  3 jackals (D:2)
  8 kobolds
  3 quokkas
  14 bats
  3 frilled lizards
  A giant cockroach zombie (D:5)
  7 rats
98 creatures vanquished.

Vanquished Creatures (others)
  A wizard (D:4)
1 creature vanquished.

Grand Total: 99 creatures vanquished

Notes
Turn   | Place    | Note
-------+----------+-------------------------------------------
     0 | Abyss:1  | kraftydee the Hill Orc Abyssal Knight began the quest for the Orb.
     0 | Abyss:1  | Reached XP level 1. HP: 19/19 MP: 2/2
     4 | Abyss:1  | Found a corrupted altar of Lugonu.
    65 | Abyss:1  | Noticed a spatial vortex
    67 | Abyss:1  | Noticed a spatial maelstrom
    95 | D:1      | Escaped the Abyss
   183 | D:1      | Reached skill level 3 in Axes
   201 | D:1      | Reached XP level 2. HP: 12/27 MP: 3/3
   741 | D:1      | Reached * piety under Lugonu
   986 | D:2      | Reached XP level 3. HP: 26/33 MP: 3/5
  1205 | D:2      | Reached skill level 1 in Dodging
  1253 | D:2      | Reached skill level 4 in Axes
  1635 | D:2      | Reached XP level 4. HP: 35/41 MP: 6/6
  2257 | D:3      | Found a faded altar of an unknown god.
  2307 | D:3      | Noticed Jessica
  2333 | D:3      | Killed Jessica
  2673 | D:3      | Reached ** piety under Lugonu
  2695 | D:3      | Reached XP level 5. HP: 40/47 MP: 7/7
  2921 | D:3      | Reached skill level 5 in Axes
  3418 | D:4      | Reached skill level 5 in Fighting
  3418 | D:4      | Reached XP level 6. HP: 45/56 MP: 8/8
  3638 | D:4      | Reached skill level 1 in Stealth
  3729 | D:4      | Reached skill level 6 in Axes
  3855 | D:4      | Noticed Ijyb
  3905 | D:4      | Killed Ijyb
  4093 | D:4      | Found a bloodstained altar of Trog.
  4095 | D:4      | Noticed a wizard
  4100 | D:4      | Killed a wizard
  4190 | D:4      | Reached XP level 7. HP: 61/61 MP: 9/9
  4344 | D:5      | Entered Level 5 of the Dungeon
  4922 | D:5      | Reached skill level 1 in Maces & Flails
  5011 | D:5      | Splashed by a jelly's acid

Skill      XL: |  1  2  3  4  5  6  7 |
---------------+----------------------+-----
Axes           | 3 4 5 6 |  6.8
Fighting       | 4 5 |  5.8
Dodging        | 1 2 |  2.4
Stealth        | 1 2 |  2.1
Armour         | 3 |  3.2
Maces & Flails | 1 |  1.0
Invocations    | |  2.7

Action                   |  1- 3 |  4- 6 |  7- 9 || total
-------------------------+-------+-------+-------++-------
Melee: Hand axe          |    91 |   215 |       ||   306
       Club              |       |    16 |    76 ||    92
Invok: Depart the Abyss  |     1 |       |       ||     1
  Use: Scroll            |     3 |     3 |     1 ||     7
       Potion            |       |     1 |       ||     1
 Stab: Sleeping          |     1 |     5 |       ||     6
  Eat: Chunk             |     2 |     5 |     1 ||     8
       Bread ration      |       |     1 |       ||     1
Armor: Leather armour    |    27 |    13 |       ||    40
       Robe              |       |    66 |       ||    66
       Scale mail        |       |     5 |    23 ||    28
Dodge: Dodged            |    64 |   157 |    36 ||   257
